 Dungeon Crawl Stone Soup version 0.19-a0-1886-gd64a0f0 (webtiles) character file.

100 Alarkh the Charmwright (level 4, -1/33 HPs)
             Began as a Mummy Skald on Oct 15, 2016.
             Was an Initiate of Gozag.
             Slain by an adder (2 damage)
             ... on level 3 of the Dungeon.
             The game lasted 00:02:30 (1528 turns).

Alarkh the Charmwright (Mummy Skald)                Turns: 1528, Time: 00:02:31

Health: -1/33      AC:  3    Str: 15    XL:     4   Next: 46%
Magic:  2/8        EV: 11    Int: 12    God:    Gozag
Gold:   123        SH:  0    Dex: 11    Spells: 3 memorised, 4 levels left

rFire  x . .     SeeInvis .     a - +0 spear
rCold  + . .     Gourm    .     b - +0 leather armour
rNeg   + + +     Faith    .     (no shield)
rPois  ∞         Spirit   .     (no helmet)
rElec  .         Dismiss  .     (no cloak)
rCorr  .         Reflect  .     (no gloves)
MR     .....     Harm     .     (no boots)
Stlth  +.........               (no amulet)
                                (no ring)
                                (no ring)

@: no status effects
A: no food or potions, fire vulnerability, cold resistance 1, negative energy
resistance 3, torment resistance, unbreathing
a: Potion Petition, Call Merchant, Bribe Branch, Renounce Religion


You were on level 3 of the Dungeon.
You worshipped Gozag.
Gozag was aware of your devotion.
You were not hungry.

You visited 1 branch of the dungeon, and saw 3 of its levels.

You collected 150 gold pieces.
You paid 27 gold pieces to Gozag.

Inventory:

Hand Weapons
 a - a +0 spear (weapon)
Armour
 b - a +0 leather armour (worn)
Scrolls
 d - a scroll of teleportation {unknown}
 e - a scroll of enchant weapon {unknown}
 f - a scroll of fog {unknown}
 g - 3 scrolls of blinking
Books
 c - a book of Battle

   Spells                             Type                      Level
   a - Infusion                       Charms                       1
   b - Shroud of Golubria             Charms/Translocation         2
   c - Song of Slaying                Charms                       2
   d - Spectral Weapon                Hexes/Charms                 3
   e - Regeneration                   Charms/Necromancy            3


   Skills:
 - Level 2.0 Fighting
 + Level 2.5 Polearms
 - Level 0.7 Armour
 - Level 0.7 Dodging
 + Level 3.0 Spellcasting
 + Level 3.2 Charms


You had 4 spell levels left.
You knew the following spells:

 Your Spells              Type           Power        Failure   Level  Hunger
a - Infusion              Chrm           #...         12%         1    N/A
b - Shroud of Golubria    Chrm/Tloc      #.........   28%         2    N/A
c - Song of Slaying       Chrm           #.......     14%         2    N/A

Dungeon Overview and Level Annotations

Branches:
Dungeon (3/15)

Altars:
Cheibriados
Gozag
Okawaru
Sif Muna


Innate Abilities, Weirdness & Mutations

You do not eat or drink.
Your flesh is vulnerable to fire.
You are immune to poison.
Your flesh is cold resistant. (rC+)
You are immune to negative energy. (rN+++)
You are immune to unholy pain and torment.
You can survive without breathing.


Message History

You closely miss the adder.
The adder is almost dead.
The adder completely misses you.
You miss the adder.
The adder is almost dead.
The adder barely misses you.
You closely miss the adder.
The adder is almost dead.
The adder closely misses you. x2
Your leather armour prevents you from hitting the adder.
The adder is almost dead.
The adder barely misses you.
You closely miss the adder.
The adder is almost dead.
The adder barely misses you.
You closely miss the adder.
The adder is almost dead.
The adder bites you.
You die...
Your body crumbles into a pile of gold.

###......#.#########
#.......###.........
#.(....#.#########
#.......##
#........# .#.
#.##.###.#
.....###$##.# .#
#...$.$(..# .#
$#.####@#### .# $
#S# .# #.# .# ..#
..# .$.# #.## #.


You could see an adder.

Vanquished Creatures
  Natasha (D:3)
  An adder (D:2)
  A worm (D:3)
  2 dart slugs (D:2)
  4 leopard geckos
  A ball python (D:2)
  4 giant cockroaches
  7 goblins
  8 hobgoblins
  A quokka (D:2)
  5 bats (D:1)
  4 frilled lizards
  9 kobolds
  7 rats
55 creatures vanquished.

Notes
Turn   | Place    | Note
-------+----------+-------------------------------------------
     0 | D:1      | Alarkh the Mummy Skald began the quest for the Orb.
     0 | D:1      | Reached XP level 1. HP: 16/16 MP: 3/3
    98 | D:1      | Reached XP level 2. HP: 15/22 MP: 0/5
   113 | D:1      | Learned a level 2 spell: Shroud of Golubria
   116 | D:1      | Learned a level 2 spell: Song of Slaying
   502 | D:1      | Reached XP level 3. HP: 18/27 MP: 6/6
   940 | D:2      | Found an opulent altar of Gozag.
   940 | D:2      | Found a deep blue altar of Sif Muna.
   943 | D:2      | Found a snail-covered altar of Cheibriados.
  1197 | D:2      | Became a worshipper of Gozag Ym Sagoz the Greedy
  1269 | D:3      | Found an iron altar of Okawaru.
  1401 | D:3      | Reached XP level 4. HP: 22/33 MP: 6/8
  1486 | D:3      | Noticed Natasha
  1502 | D:3      | Killed Natasha
  1522 | D:3      | HP: 1/33 [adder (3)]
  1528 | D:3      | Slain by an adder

Vault maps used:
D:1:      scummos_arrival_simple_fountains, hangedman_decor_push
D:2:      gammafunk_temple_overflow_forgotten, first_bread,
          hangedman_decor_diamond_cutter
D:3:      kennysheep_okawaru_gauntlet, ecumenical_altar_1, fedhas_altar_4,
          uniq_natasha

Skill      XL: |  1  2  3  4 |
---------------+-------------+-----
Polearms       | 2 |  2.5
Charms         | 3 |  3.2
Spellcasting   | 3 |  3.0
Fighting       | |  2.0
Armour         | |  0.7
Dodging        | |  0.7

Action                   |  1- 3 |  4- 6 || total
-------------------------+-------+-------++-------
Melee: Spear             |   158 |    49 ||   207
 Cast: Infusion          |    20 |     3 ||    23
       Song of Slaying   |     1 |       ||     1
  Use: Scroll            |     1 |       ||     1
Armor: Leather armour    |    30 |     8 ||    38
Dodge: Dodged            |    75 |    26 ||   101
